 Dungeon Crawl Stone Soup version 0.19-a0-1007-g133f65f (webtiles) character file.

173 Gruud the Cudgeler (level 5, -1/49 HPs)
             Began as an Ogre Hunter on July 20, 2016.
             Slain by an orc wizard
             ... wielding a +0 dagger
              (5 damage)
             ... on level 3 of the Dungeon.
             The game lasted 00:07:30 (1997 turns).

Gruud the Cudgeler (Ogre Hunter)                    Turns: 1997, Time: 00:07:31

Health: -1/49      AC:  3    Str: 17    XL:     5   Next: 53%
Magic:  5/5        EV:  5    Int: 13    God:
Gold:   148        SH: 10    Dex: 10    Spells: 0 memorised, 4 levels left

rFire  . . .     SeeInvis .     a - +2 dagger (elec)
rCold  . . .     Gourm    .     t - +0 robe
rNeg   . . .     Faith    .     u - +0 large shield
rPois  .         Spirit   .     (helmet restricted)
rElec  .         Dismiss  +     (no cloak)
rCorr  .         Reflect  .     (gloves unavailable)
SustAt .         Harm     .     (boots unavailable)
MR     .....                    p - amulet of dismissal
Stlth  +.........               (no ring)
                                v - +4 ring of intelligence

@: not resistant to hostile enchantments, very unstealthy
A: unfitting armour, horns 1, dopey 1, frail 1, tough skin 1
a: no special abilities


You were on level 3 of the Dungeon.
You were hungry.

You visited 1 branch of the dungeon, and saw 3 of its levels.

You collected 148 gold pieces.

Inventory:

Hand Weapons
 a - a +2 dagger of electrocution (weapon)
 b - a +0 flail
Missiles
 c - 2 large rocks (quivered)
 d - 2 throwing nets
 k - 5 tomahawks
Armour
 t - a +0 robe (worn)
 u - a +0 large shield (worn)
Jewellery
 p - an amulet of dismissal (around neck)
 v - a +4 ring of intelligence (left hand)
Scrolls
 e - a scroll of enchant weapon {unknown}
 g - a scroll of immolation {unknown}
 i - 4 scrolls of teleportation {unknown}
 j - 3 scrolls of identify {unknown}
 l - a scroll of remove curse {unknown}
 r - a scroll of noise {unknown}
Potions
 s - a potion of lignification {unknown}
Comestibles
 f - a bread ration
 m - 5 chunks of flesh
 n - 2 slices of pizza
 o - 3 meat rations


   Skills:
 + Level 4.7 Fighting
 * Level 5.0 Maces & Flails
 - Level 4.2 Throwing
 - Level 1.7 Dodging
 - Level 0.7 Stealth


You had 4 spell levels left.
You didn't know any spells.

Dungeon Overview and Level Annotations

Branches:
Dungeon (3/15)

Altars:
Qazlal
The Shining One

Annotations:
D:3 p0werm0de's ghost, amateur DsFi


Innate Abilities, Weirdness & Mutations

You are too large for most types of armour.
You have tough skin. (AC +1)
You have a pair of small horns on your head.
You are dopey. (Int -2)
You are frail. (-10% HP)


Message History

A magic dart appears from out of thin air!
The magic dart hits you!
* * * LOW HITPOINT WARNING * * *
You block the orc's attack. Something hits you.
* * * LOW HITPOINT WARNING * * *
You feel better. The orc barely misses you. Something hits you.
* * * LOW HITPOINT WARNING * * *
It was a potion of mutation.
You feel extremely strange. A pair of horns grows on your head!
You feel stupid.
You feel frail. Something hits you.
* * * LOW HITPOINT WARNING * * *
You block the orc's attack. You block something's attack.
Your shield prevents you from hitting something.
You block the orc's attack. Something hits you but does no damage.
You closely miss something. Something completely misses you.
The orc hits you but does no damage. Something hits you.
* * * LOW HITPOINT WARNING * * *
The orc barely misses you.
You hit something. Something hits you.
You die...

# ## #. .. #.#
.##.
#..######..={.
#..##o†...##.
###.##o##.....
#...(@{.......
#.............
#........##.(.
#........# ..
##....[...#
##.........#
##.).......##
#.<.).....##
#........##


You could see 2 orcs.

Vanquished Creatures
  2 orc wizards (D:3)
  4 adders
  2 dart slugs (D:2)
  2 worms (D:2)
  2 giant geckos (D:2)
  5 orcs
  6 bats
  A giant cockroach (D:1)
  10 goblins
  4 hobgoblins
  11 jackals
  A quokka (D:3)
  2 giant newts (D:1)
  7 kobolds
  5 rats
64 creatures vanquished.

Notes
Turn   | Place    | Note
-------+----------+-------------------------------------------
     0 | D:1      | Gruud the Ogre Hunter began the quest for the Orb.
     0 | D:1      | Reached XP level 1. HP: 22/22 MP: 1/1
    28 | D:1      | Reached XP level 2. HP: 11/31 MP: 2/2
   519 | D:1      | Reached skill level 1 in Maces & Flails
   659 | D:1      | Reached XP level 3. HP: 39/39 MP: 3/3
   811 | D:2      | Reached skill level 2 in Maces & Flails
   904 | D:3      | Reached skill level 3 in Maces & Flails
   904 | D:3      | Reached XP level 4. HP: 31/48 MP: 4/4
  1058 | D:3      | Noticed p0werm0de's ghost (amateur DsFi)
  1385 | D:2      | Reached skill level 4 in Maces & Flails
  1385 | D:2      | Reached XP level 5. HP: 55/55 MP: 5/5
  1414 | D:2      | Found a stormy altar of Qazlal.
  1608 | D:2      | Found a glowing golden altar of the Shining One.
  1985 | D:3      | Reached skill level 5 in Maces & Flails
  1994 | D:3      | Gained mutation: You have a pair of small horns on your head. [potion of mutation]
  1994 | D:3      | Gained mutation: You are dopey. (Int -2) [potion of mutation]
  1994 | D:3      | Gained mutation: You are frail. (-10% HP) [potion of mutation]
  1997 | D:3      | Slain by an orc wizard

Vault maps used:
D:1:      dpeg_arrival_tiny_d
D:2:      tso_oasis_becter, nicolae_qazlal_eye_of_the_storm
D:3:      uniq_natasha, uniq_iyjb

Skill      XL: |  1  2  3  4  5 |
---------------+----------------+-----
Fighting       | 3 4 |  4.7
Maces & Flails | 1 3 4 5 |  5.0
Throwing       | |  4.2
Dodging        | |  1.7
Stealth        | |  0.7

Action                   |  1- 3 |  4- 6 || total
-------------------------+-------+-------++-------
Melee: Short sword       |    33 |       ||    33
       Dagger            |    49 |    72 ||   121
Throw: Tomahawk          |    10 |     8 ||    18
       Large rock        |     6 |     1 ||     7
  Use: Potion            |       |     3 ||     3
  Eat: Chunk             |       |     3 ||     3
Armor: Robe              |    21 |    15 ||    36
Dodge: Dodged            |    41 |    17 ||    58
Block: Large shield      |       |    27 ||    27
